[Event "December 12 Early 2023"]
[Site "https://www.chess.com"]
[Date "2023.12.12"]
[Round "6"]
[White "Koellner, Ruben Gideon"]
[Black "Iljin, Timofey"]
[Result "1-0"]
[Board "72"]
[TimeControl "180+1"]
[WhiteFideId "12993093"]
[BlackFideId "14110180"]
[WhiteElo "2647"]
[BlackElo "2505"]
[WhiteTeam "GER"]
[BlackTeam "UKR"]
[WhiteClock "0:00:08"]
[BlackClock "0:00:03"]

1. d4 Nf6 2. Nf3 c5 3. e3 g6 4. Nbd2 Bg7 5. dxc5 O-O 6. a3 a5 7. Rb1 a4 8. b4 axb3 9. cxb3 d6 10. cxd6 Qxd6 11. Bb2 Bf5 12. Rc1 Nc6 13. Nc4 Qe6 14. Ng5 Qd7 15. Qxd7 Nxd7 16. Bxg7 Kxg7 17. e4 Bg4 18. h3 h6 19. hxg4 hxg5 20. a4 Nd4 21. Rc3 Nc5 22. Nb6 Nxe4 23. Rch3 Rad8 24. Rh7+ Kf6 25. Bc4 Nc2+ 26. Ke2 Rd2+ 27. Kf3 Ke5 28. Rf1 Nd4+ 29. Ke3 Nc2+ 30. Kf3 f5 31. Rxe7+ Kd6 32. Re6+ Kc5 33. gxf5 gxf5 34. b4+ Kxb4 35. Rb1+ Kc3 36. Rb3+ Kd4 37. Be2 g4+ 38. Kf4 Rxe2 39. f3 gxf3 40. gxf3 Nc5 41. Rxe2 Nxb3 42. Rxc2 Na1 43. Rb2 Rd8 44. Rd2+ Kc5 45. Rxd8 Kxb6 46. Rd2 Nb3 47. Rb2 Ka5 48. Rxb3 b5 49. Rxb5+ Kxa4 50. Rxf5 Ka3 51. Re5 Kb4 52. Kf5 1-0

[Event "December 12 Early 2023"]
[Site "https://www.chess.com"]
[Date "2023.12.12"]
[Round "6"]
[White "Omelja, Artem"]
[Black "Berezin, Viktor"]
[Result "1/2-1/2"]
[Board "73"]
[TimeControl "180+1"]
[WhiteFideId "14119846"]
[BlackFideId "14107872"]
[WhiteElo "2642"]
[BlackElo "2500"]
[WhiteTeam "UKR"]
[BlackTeam "UKR"]
[WhiteClock "0:00:02"]
[BlackClock "0:00:40"]

1. d4 Nf6 2. c4 g6 3. Nc3 Bg7 4. e4 O-O 5. f3 d6 6. Nge2 a6 7. Be3 c6 8. c5 Nbd7 9. Nf4 e5 10. dxe5 dxe5 11. Nd3 Ne8 12. Be2 Nc7 13. O-O Ne6 14. b4 Nd4 15. Re1 Qe7 16. Bf1 Rd8 17. Bxd4 exd4 18. Na4 Rb8 19. Nab2 Ne5 20. Nxe5 Bxe5 21. Nc4 Bc7 22. Bd3 Qh4 23. e5 Be6 24. Nd6 f6 25. Qe2 f5 26. Bc4 Qe7 27. Rad1 b5 28. Bxe6+ Qxe6 29. Rxd4 a5 30. a3 axb4 31. axb4 Ra8 32. f4 Ra3 33. Red1 Rda8 34. Qf2 Ra2 35. Qf3 Rc2 36. Qxc6 Raa2 37. g3 Rxh2 38. Qf3 Kg7 39. Nxb5 Qb3 40. Rd7+ Kh6 41. Qxb3 Rag2+ 42. Kf1 Rf2+ 43. Ke1 Re2+ 44. Kf1 Ref2+ 45. Kg1 Rfg2+ 46. Kf1 Rf2+ 1/2-1/2

[Event "December 12 Early 2023"]
[Site "https://www.chess.com"]
[Date "2023.12.12"]
[Round "6"]
[White "Boyer, Mahel"]
[Black "Senft, Sean"]
[Result "0-1"]
[Board "74"]
[TimeControl "180+1"]
[WhiteFideId "45102422"]
[BlackFideId "2044960"]
[WhiteElo "2641"]
[BlackElo "2484"]
[WhiteTeam "FRA"]
[BlackTeam "USA"]
[WhiteClock "0:00:11"]
[BlackClock "0:01:13"]

1. e4 c5 2. d4 cxd4 3. Qxd4 Nc6 4. Qd3 d6 5. Nf3 Nf6 6. Nc3 a6 7. Be2 e6 8. O-O Be7 9. Rd1 Qc7 10. Bf4 O-O 11. Bxd6 Bxd6 12. Qxd6 Qb6 13. b3 Rd8 14. Qf4 Bd7 15. e5 Ne8 16. Ng5 f6 17. exf6 Nxf6 18. Bc4 Re8 19. Rxd7 Nxd7 20. Qf7+ Kh8 21. Qxd7 Ne5 22. Nf7+ Nxf7 23. Qxf7 Rf8 24. Qh5 Qxf2+ 25. Kh1 Qf6 26. Bd3 g6 27. Qa5 b6 28. Qb4 a5 29. Qxb6 Qxc3 30. Rd1 Qf6 31. h3 Rad8 32. Qxa5 Ra8 33. Qc5 Rxa2 34. Re1 Ra1 35. Rxa1 Qxa1+ 36. Kh2 Qf6 37. Qd6 e5 38. Qxf6+ Rxf6 39. Kg3 Rb6 40. Kf3 Kg7 41. Ke4 Kf6 42. Kd5 Rb8 43. Kc5 Re8 44. Be4 Rd8 45. c4 Rd4 46. Bd5 Kf5 47. b4 Rd2 48. b5 e4 49. b6 e3 50. b7 Rb2 51. Kc6 e2 52. g4+ Ke5 53. Kc7 e1=Q 54. b8=Q Rxb8 55. Kxb8 Kd6 56. Kb7 h6 57. Ka6 Kc5 58. Kb7 g5 59. Kc7 Qc3 60. Kd7 Qxh3 61. Be6 h5 62. gxh5 Qxh5 63. Ke7 g4 64. Kf6 g3 65. Bd5 Qxd5 66. cxd5 Kxd5 67. Kf5 g2 68. Kf4 g1=Q 69. Kf3 Qd4 0-1

[Event "December 12 Early 2023"]
[Site "https://www.chess.com"]
[Date "2023.12.12"]
[Round "6"]
[White "DHLT216"]
[Black "Kotyk, Michael"]
[Result "1-0"]
[Board "75"]
[TimeControl "180+1"]
[BlackFideId "16214501"]
[WhiteElo "2639"]
[BlackElo "2475"]
[BlackTeam "GER"]
[WhiteClock "0:01:23"]
[BlackClock "0:00:25"]

1. d4 Nf6 2. c4 g6 3. Nf3 Bg7 4. g3 O-O 5. Bg2 d6 6. O-O Nc6 7. Nc3 e5 8. d5 Nb8 9. e4 a5 10. h3 Na6 11. Be3 Nd7 12. b3 f5 13. Ng5 Ndc5 14. exf5 gxf5 15. Qh5 h6 16. Ne6 Nxe6 17. dxe6 f4 18. Nd5 Bxe6 19. gxf4 exf4 20. Nxf4 Bf7 21. Qg4 Rb8 22. Rad1 Qg5 23. Qxg5 hxg5 24. Nd5 Bh6 25. Nf6+ Kg7 26. Nd7 Bh5 27. Bd4+ Kg6 28. Be4+ Kf7 29. Rde1 c5 30. Bd5+ Kg6 31. Re6+ Kf5 1-0

[Event "December 12 Early 2023"]
[Site "https://www.chess.com"]
[Date "2023.12.12"]
[Round "6"]
[White "Shevchuk, Olexandr"]
[Black "Renjith, Sravan"]
[Result "1-0"]
[Board "76"]
[TimeControl "180+1"]
[WhiteFideId "14113775"]
[BlackFideId "4306783"]
[WhiteElo "2472"]
[BlackElo "2639"]
[WhiteTeam "UKR"]
[BlackTeam "NZL"]
[WhiteClock "0:00:24"]
[BlackClock "0:00:00"]

1. d4 d5 2. c4 e6 3. Nf3 c5 4. cxd5 exd5 5. g3 Nc6 6. Bg2 Nf6 7. O-O Be7 8. b3 Ne4 9. Bb2 Bf6 10. e3 O-O 11. Nc3 Bg4 12. Ne2 Rc8 13. h3 Bf5 14. g4 Be6 15. Nf4 Qd7 16. Rc1 b5 17. Qe2 c4 18. Ne5 Nxe5 19. dxe5 Be7 20. bxc4 bxc4 21. Rfd1 Qb7 22. Bd4 Qa6 23. Rc2 Rb8 24. Rdc1 Rfc8 25. Nxe6 Qxe6 26. Bxe4 dxe4 27. Rxc4 Rxc4 28. Qxc4 Qd7 29. Kg2 h5 30. Qc6 Qxc6 31. Rxc6 hxg4 32. hxg4 Rb7 33. Ra6 Bg5 34. Rxa7 Rb1 35. e6 Bh4 36. exf7+ 1-0

[Event "December 12 Early 2023"]
[Site "https://www.chess.com"]
[Date "2023.12.12"]
[Round "6"]
[White "JG-17"]
[Black "Ovetchkin, Roman"]
[Result "1-0"]
[Board "77"]
[TimeControl "180+1"]
[BlackFideId "4119991"]
[WhiteElo "2470"]
[BlackElo "2637"]
[BlackTeam "RUS"]
[WhiteClock "0:00:01"]
[BlackClock "0:00:00"]

1. e4 c6 2. d4 d5 3. exd5 cxd5 4. Bd3 Nc6 5. c3 Nf6 6. Bf4 Bg4 7. Qb3 e5 8. Qxb7 exf4 9. Qxc6+ Bd7 10. Qa6 Qb8 11. b4 Bd6 12. Nf3 O-O 13. O-O Rc8 14. Re1 Ne4 15. Bxe4 dxe4 16. Rxe4 Bb5 17. Qa3 a5 18. Qb2 axb4 19. cxb4 Bc6 20. Re1 Qxb4 21. Qxb4 Bxb4 22. Rd1 Bd5 23. Nbd2 Bc3 24. Rab1 Rxa2 25. h3 h6 26. Rb5 Rd8 27. Rc5 Bb4 28. Rb5 Bf8 29. Rdb1 Raa8 30. Ne5 g5 31. Ndf3 Bg7 32. Rb6 Be6 33. R6b4 Rac8 34. Nd3 Bf5 35. R1b3 f6 36. Nc5 h5 37. Rb7 Rd5 38. Kh2 Bf8 39. Rb8 Rcd8 40. Rxd8 Rxd8 41. Rb7 g4 42. Nh4 Bc8 43. hxg4 Bxb7 44. Nxb7 Rd7 45. Nc5 Bxc5 46. dxc5 hxg4 47. f3 g3+ 48. Kh3 Rd5 49. Ng6 Rxc5 50. Nxf4 Kf7 51. Kxg3 Rc4 52. Nd3 Rd4 53. Nf4 Ra4 54. Ne2 Kg6 55. Nf4+ Kf5 56. Ne2 Ra3 57. Nd4+ Ke5 58. Nc6+ Kd5 59. Nb4+ Kc4 60. Nc6 Kd3 61. Kf4 Rc3 62. Ne7 Rc5 63. Nf5 Ke2 64. Nd6 Kf1 65. Ne4 Rc6 66. g4 Kg2 67. g5 fxg5+ 68. Nxg5 Rf6+ 69. Ke4 Kg3 70. Nh7 1-0

[Event "December 12 Early 2023"]
[Site "https://www.chess.com"]
[Date "2023.12.12"]
[Round "6"]
[White "Kiremitciyan, Ari"]
[Black "Skliarov, Viktor"]
[Result "0-1"]
[Board "78"]
[TimeControl "180+1"]
[WhiteFideId "6373445"]
[BlackFideId "14106736"]
[WhiteElo "2469"]
[BlackElo "2637"]
[WhiteTeam "TUR"]
[BlackTeam "UKR"]
[WhiteClock "0:00:00"]
[BlackClock "0:00:14"]

1. e4 c5 2. Nf3 Nc6 3. Bb5 e6 4. Bxc6 bxc6 5. O-O Ne7 6. e5 Ng6 7. d3 Be7 8. Nc3 f6 9. Re1 O-O 10. b3 fxe5 11. Bb2 d6 12. Ne4 Bd7 13. g3 Be8 14. h4 Nh8 15. Nfd2 h5 16. Nf3 Nf7 17. Bc1 Nh6 18. Nfg5 Qd7 19. c3 Bg6 20. c4 Rf5 21. Be3 Raf8 22. Re2 Ng4 23. Qc2 Qc8 24. Rae1 d5 25. Nxc5 d4 0-1

[Event "December 12 Early 2023"]
[Site "https://www.chess.com"]
[Date "2023.12.12"]
[Round "6"]
[White "Dobrikov, Marco"]
[Black "Dilmukhametov, Artur"]
[Result "1-0"]
[Board "79"]
[TimeControl "180+1"]
[WhiteFideId "12950378"]
[BlackFideId "24179922"]
[WhiteElo "2630"]
[BlackElo "2460"]
[WhiteTeam "GER"]
[BlackTeam "RUS"]
[WhiteClock "0:02:13"]
[BlackClock "0:01:10"]

1. c4 Nf6 2. Nc3 g6 3. e4 d6 4. d4 Bg7 5. f4 Nbd7 6. Nf3 O-O 7. Be2 c5 8. d5 e6 9. dxe6 fxe6 10. Qxd6 Re8 11. O-O Bf8 12. Qd3 Qe7 13. e5 Nh5 14. Ne4 Rd8 15. Qc2 Ng7 16. Be3 Nf5 17. Bf2 b6 18. Rad1 Bb7 19. g4 Bxe4 20. Qxe4 Ng7 21. Bh4 Qf7 22. Bxd8 Rxd8 23. Rd2 h5 24. Rfd1 hxg4 25. Ng5 Qe7 26. Qxg6 1-0

[Event "December 12 Early 2023"]
[Site "https://www.chess.com"]
[Date "2023.12.12"]
[Round "6"]
[White "Skatchkov, Valery"]
[Black "Goldin, Roman"]
[Result "1-0"]
[Board "80"]
[TimeControl "180+1"]
[WhiteFideId "24195812"]
[BlackFideId "2803860"]
[WhiteElo "2627"]
[BlackElo "2440"]
[WhiteTeam "RUS"]
[BlackTeam "ISR"]
[WhiteClock "0:00:07"]
[BlackClock "0:00:00"]

1. d4 Nf6 2. c4 Nc6 3. Nf3 e6 4. a3 d6 5. d5 Ne5 6. Nxe5 dxe5 7. Nc3 exd5 8. cxd5 Bc5 9. e4 O-O 10. Be2 a6 11. O-O Bd7 12. Be3 Qe7 13. b4 Bd6 14. Qb3 Rae8 15. h3 h6 16. Rfc1 Nh7 17. b5 f5 18. exf5 Bxf5 19. b6 cxb6 20. Qxb6 Rc8 21. Na4 Nf6 22. Bc5 Bxc5 23. Nxc5 Nd7 24. d6 Nxb6 25. dxe7 Rfe8 26. Nxb7 Rxc1+ 27. Rxc1 Rxe7 28. Nd6 Bg6 29. Rc6 Nd7 30. Bxa6 Nf6 31. a4 Kh7 32. a5 Ra7 33. f3 Nd5 34. Bc4 Nb4 35. Rb6 Nc2 36. a6 Ne3 37. Ba2 Rc7 38. Nb5 Rc1+ 39. Kf2 Rc2+ 40. Kxe3 Rxa2 41. a7 e4 42. Rb8 Bf7 43. a8=Q Rxg2 44. Rh8+ 1-0

[Event "December 12 Early 2023"]
[Site "https://www.chess.com"]
[Date "2023.12.12"]
[Round "6"]
[White "yaguigor"]
[Black "Kokoszczynski, Jan"]
[Result "0-1"]
[Board "81"]
[TimeControl "180+1"]
[BlackFideId "1174460"]
[WhiteElo "2434"]
[BlackElo "2626"]
[BlackTeam "POL"]
[WhiteClock "0:00:02"]
[BlackClock "0:00:11"]

1. e4 c5 2. Nf3 d6 3. d4 cxd4 4. Nxd4 Nf6 5. Nc3 g6 6. Be3 Bg7 7. f3 O-O 8. Qd2 Nc6 9. O-O-O d5 10. Qe1 e5 11. Nxc6 bxc6 12. exd5 Nxd5 13. Bc4 Be6 14. Kb1 Qc7 15. Bc5 Rfd8 16. Ne4 h6 17. g4 Rab8 18. Bb3 Rb5 19. c4 Rbb8 20. cxd5 cxd5 21. Bd6 Rxd6 22. Nxd6 Qxd6 23. Qa5 d4 24. Bxe6 Qxe6 25. Rhe1 Qc6 26. Rf1 e4 27. Qxa7 Ra8 28. Qe7 e3 29. Qe4 Qa4 30. a3 Rb8 31. Rd3 Qb5 32. b3 Qa6 33. Qf4 Qxd3+ 0-1

[Event "December 12 Early 2023"]
[Site "https://www.chess.com"]
[Date "2023.12.12"]
[Round "6"]
[White "Parra Gomez, Adrian"]
[Black "Manukyan, Sargis A."]
[Result "0-1"]
[Board "82"]
[TimeControl "180+1"]
[WhiteFideId "3513106"]
[BlackFideId "13303970"]
[WhiteElo "2430"]
[BlackElo "2624"]
[WhiteTeam "CUB"]
[BlackTeam "ARM"]
[WhiteClock "0:00:00"]
[BlackClock "0:01:04"]

1. d4 d5 2. c4 e6 3. Nc3 Nf6 4. Bg5 Be7 5. e3 O-O 6. Qc2 h6 7. Bf4 c5 8. dxc5 Na6 9. cxd5 exd5 10. Bxa6 bxa6 11. b4 a5 12. a3 d4 13. exd4 axb4 14. axb4 Qxd4 15. Nge2 Qc4 16. O-O Qxb4 17. Be3 Qh4 18. h3 Bb7 19. Nb5 Be4 20. Qa4 Qh5 21. Ng3 Qg6 22. Nd6 Bd5 23. Ndf5 Rfe8 24. Rfd1 Bf8 25. Rd4 Bxc5 26. Rxd5 Bxe3 27. Nxe3 Rxe3 28. Ra5 Re7 29. Qc6 Rae8 30. Rxa7 Re1+ 31. Rxe1 Rxe1+ 32. Kh2 Ng4+ 33. hxg4 Qxc6 34. Ra3 Qd6 35. Rf3 Qd1 36. Nf5 Rh1+ 37. Kg3 g5 38. Re3 Qd8 39. Ne7+ Kh7 40. Nf5 Qc7+ 41. Kf3 Qf4+ 42. Ke2 Qc4+ 43. Kf3 Qd5+ 44. Kg3 h5 45. Re7 h4+ 46. Nxh4 gxh4+ 47. Kf4 Qd6+ 0-1

[Event "December 12 Early 2023"]
[Site "https://www.chess.com"]
[Date "2023.12.12"]
[Round "6"]
[White "Antunez Soler, Luis"]
[Black "Matveeva, Olga"]
[Result "1-0"]
[Board "83"]
[TimeControl "180+1"]
[WhiteFideId "3513335"]
[BlackFideId "24107018"]
[WhiteElo "2623"]
[BlackElo "2421"]
[WhiteTeam "CUB"]
[BlackTeam "RUS"]
[WhiteClock "0:01:15"]
[BlackClock "0:00:07"]

1. e4 c6 2. d4 d5 3. Nc3 dxe4 4. Nxe4 Nf6 5. Nxf6+ exf6 6. c3 Bd6 7. Bd3 O-O 8. Qc2 Re8+ 9. Ne2 h5 10. Be3 Nd7 11. O-O-O Nf8 12. h3 Be6 13. g4 h4 14. Rhg1 a5 15. g5 a4 16. Kb1 Be7 17. gxf6 Bxf6 18. Nf4 b5 19. Nh5 Bxa2+ 20. Kxa2 Qd5+ 21. Kb1 Qxh5 22. Rg4 a3 23. Qb3 axb2 24. Kxb2 b4 25. cxb4 c5 26. Rdg1 cxb4 27. Bg5 Ra3 28. Qc4 Bxg5 29. Rxg5 Re2+ 30. Bxe2 1-0

[Event "December 12 Early 2023"]
[Site "https://www.chess.com"]
[Date "2023.12.12"]
[Round "6"]
[White "NikaVolkov"]
[Black "Melikhov, Evgeny V."]
[Result "0-1"]
[Board "84"]
[TimeControl "180+1"]
[BlackFideId "4122046"]
[WhiteElo "2613"]
[BlackElo "2394"]
[BlackTeam "GRE"]
[WhiteClock "0:00:14"]
[BlackClock "0:00:50"]

1. d4 Nf6 2. Nf3 d5 3. e3 c5 4. c4 cxd4 5. exd4 Nc6 6. Nc3 g6 7. Be3 Bg7 8. Be2 O-O 9. O-O Bf5 10. Rc1 dxc4 11. Bxc4 Rc8 12. a3 Nb4 13. Bxf7+ Rxf7 14. axb4 Rf8 15. Ne5 Be6 16. Bg5 Nd5 17. Re1 Qd7 18. Ne4 Rxc1 19. Qxc1 Qb5 20. Nc5 Bf5 21. Qc4 Qxc4 22. Nxc4 Bxd4 23. Nxb7 Bc8 24. Nc5 Bxf2+ 25. Kf1 Bxc5+ 26. Ke2 Bxb4 27. Rd1 Bg4+ 0-1

[Event "December 12 Early 2023"]
[Site "https://www.chess.com"]
[Date "2023.12.12"]
[Round "6"]
[White "Zeneli, Klendi"]
[Black "Banzea, Alexandru-Bogdan"]
[Result "1-0"]
[Board "85"]
[TimeControl "180+1"]
[WhiteFideId "4706609"]
[BlackFideId "1232622"]
[WhiteElo "2366"]
[BlackElo "2610"]
[WhiteTeam "ALB"]
[BlackTeam "ROU"]
[WhiteClock "0:00:15"]
[BlackClock "0:00:00"]

1. e4 c5 2. c3 d5 3. exd5 Qxd5 4. Nf3 g6 5. d4 Bg7 6. Na3 cxd4 7. Nb5 Na6 8. Nbxd4 Nf6 9. Be2 O-O 10. O-O Nc5 11. Be3 b6 12. Nb5 Bb7 13. Qc2 Rfc8 14. a4 a6 15. Nbd4 e5 16. c4 Qd7 17. Nxe5 Qe7 18. Nef3 Ng4 19. Bg5 Qc7 20. h3 Bxd4 21. hxg4 Be4 22. Qc1 Bg7 23. Ra3 Qc6 24. b4 Nxa4 25. Nd2 Bb2 26. Qd1 Bxa3 27. Nxe4 Qxe4 28. Bf3 Qxc4 29. Bxa8 Rxa8 30. Qxa4 Bxb4 31. Rc1 Qxg4 32. Bh6 a5 33. Qc6 Rd8 34. Qf6 Rd1+ 35. Kh2 Qh5+ 36. Kg3 Bd6+ 37. f4 Rd3+ 38. Kf2 Bf8 39. Bxf8 Rd2+ 40. Kg1 1-0

[Event "December 12 Early 2023"]
[Site "https://www.chess.com"]
[Date "2023.12.12"]
[Round "6"]
[White "Al-Tarboush, Ward"]
[Black "Storn, Justin"]
[Result "1-0"]
[Board "86"]
[TimeControl "180+1"]
[WhiteFideId "7601450"]
[BlackFideId "30922720"]
[WhiteElo "2610"]
[BlackElo "2352"]
[WhiteTeam "NOR"]
[BlackTeam "USA"]
[WhiteClock "0:01:40"]
[BlackClock "0:00:06"]

1. e4 c6 2. Nf3 d5 3. Nc3 dxe4 4. Nxe4 Nf6 5. Nxf6+ exf6 6. Bc4 Bd6 7. Qe2+ Qe7 8. Qxe7+ Kxe7 9. O-O Rd8 10. Re1+ Kf8 11. d4 Nd7 12. Bd3 Kg8 13. c4 Nf8 14. Be3 Be6 15. Rad1 Ng6 16. b3 a5 17. a4 Bg4 18. Be2 Nf4 19. Bxf4 Bxf4 20. h3 Bf5 21. g3 Bd6 22. g4 Bc2 23. Rd2 Bxb3 24. Rb2 Bxa4 25. c5 Bf4 26. Ra1 Bb5 27. Bxb5 cxb5 28. Rxb5 Rd7 29. Rbxa5 Rxa5 30. Rxa5 h5 31. Ra7 Rc7 32. Ra8+ Kh7 33. Rd8 hxg4 34. hxg4 Kg6 35. Kg2 Rc6 36. Nh4+ Kh7 37. Nf5 g6 38. Nd6 Rc7 39. Ne8 Re7 40. Nxf6+ Kg7 41. Ne8+ Kh6 42. Kf3 Bd2 43. Nf6 Kg5 44. Ne4+ Kh6 45. Nxd2 1-0

[Event "December 12 Early 2023"]
[Site "https://www.chess.com"]
[Date "2023.12.12"]
[Round "6"]
[White "Silvestre, Christian"]
[Black "Vlassov, Nikolai"]
[Result "0-1"]
[Board "87"]
[TimeControl "180+1"]
[WhiteFideId "30956269"]
[BlackFideId "4103360"]
[WhiteElo "2345"]
[BlackElo "2609"]
[WhiteTeam "USA"]
[BlackTeam "FID"]
[WhiteClock "0:00:06"]
[BlackClock "0:00:13"]

1. e4 Nc6 2. c3 Nf6 3. Bd3 d5 4. exd5 Qxd5 5. Qf3 Ne5 6. Qxd5 Nxd5 7. Be4 Nf6 8. Bc2 c5 9. Ne2 Bd7 10. d4 cxd4 11. Nxd4 e6 12. Nd2 Bc5 13. N2f3 Nxf3+ 14. Nxf3 Bc6 15. Ke2 O-O-O 16. Ne5 Rd5 17. Nxc6 bxc6 18. Bf4 Rhd8 19. Rad1 h6 20. h3 g5 21. Bc1 a5 22. g3 Re5+ 23. Kf3 h5 24. Rxd8+ Kxd8 25. Bd3 g4+ 26. hxg4 hxg4+ 27. Kg2 Ke7 28. c4 Rh5 29. Rxh5 Nxh5 30. Be4 Kd6 31. Bg5 f5 32. Bc2 Bd4 33. b3 Nf6 34. Bd2 Bb6 35. Bf4+ e5 36. Bd2 Ke6 37. Bc3 Nd7 38. Bd2 Nc5 39. Be3 Nd7 40. Bd2 Bc7 41. f3 gxf3+ 42. Kxf3 e4+ 43. Kf2 Ne5 44. Bd1 Nd3+ 45. Kg2 Bb6 46. Be2 Nb4 47. Bxb4 axb4 48. g4 f4 49. g5 f3+ 50. Bxf3 exf3+ 51. Kxf3 Kf5 52. g6 Kxg6 53. Ke4 Kf6 54. c5 Bxc5 55. Kd3 Ke5 56. Kc4 Bd6 0-1

[Event "December 12 Early 2023"]
[Site "https://www.chess.com"]
[Date "2023.12.12"]
[Round "6"]
[White "Kim, Sergey"]
[Black "Ernst, Luca"]
[Result "1-0"]
[Board "88"]
[TimeControl "180+1"]
[WhiteFideId "13700570"]
[BlackFideId "45117055"]
[WhiteElo "2607"]
[BlackElo "2332"]
[WhiteTeam "KAZ"]
[BlackTeam "FRA"]
[WhiteClock "0:01:38"]
[BlackClock "0:00:24"]

1. d4 Nf6 2. c4 g6 3. Nc3 d5 4. cxd5 Nxd5 5. e4 Nxc3 6. bxc3 Bg7 7. Bc4 c5 8. Ne2 O-O 9. O-O Nc6 10. Be3 Qc7 11. Rc1 a6 12. Qd2 b5 13. Bb3 Bb7 14. Bh6 Rfd8 15. Bxg7 Kxg7 16. f4 Qb6 17. Rcd1 b4 18. Bd5 e6 19. Bxc6 Bxc6 20. f5 bxc3 21. f6+ Kh8 22. Qh6 Rg8 23. d5 exd5 24. Rf3 c4+ 25. Kh1 c2 26. Qxh7+ Kxh7 27. Rh3# 1-0

[Event "December 12 Early 2023"]
[Site "https://www.chess.com"]
[Date "2023.12.12"]
[Round "6"]
[White "Santos, Rafael Ventura Dos"]
[Black "Sahib Singh"]
[Result "0-1"]
[Board "89"]
[TimeControl "180+1"]
[WhiteFideId "2122227"]
[BlackFideId "25618342"]
[WhiteElo "2298"]
[BlackElo "2603"]
[WhiteTeam "BRA"]
[BlackTeam "IND"]
[WhiteClock "0:00:17"]
[BlackClock "0:00:08"]

1. e4 e6 2. d4 d5 3. Nd2 c5 4. exd5 Qxd5 5. Be2 cxd4 6. Bf3 Qd8 7. Nb3 e5 8. Ne2 Nf6 9. Ng3 Nc6 10. O-O Bd6 11. c3 dxc3 12. bxc3 O-O 13. Qc2 Qe7 14. Rd1 Rd8 15. Bg5 h6 16. Bxf6 Qxf6 17. Ne4 Qg6 18. Qd2 Be7 19. Qe3 Bf5 20. Ng3 Bc2 21. Rxd8+ Rxd8 22. Bxc6 Qxc6 23. Qxa7 Qxc3 24. Qe3 Qxe3 25. fxe3 Rd3 26. Na5 Bc5 27. Kh1 Bxe3 28. Nxb7 Bd4 29. Re1 Bf2 30. Rf1 Bxg3 31. hxg3 Rxg3 32. Nd6 f6 33. Rc1 Rd3 34. Nc4 Ba4 35. Kh2 Rd4 36. Rc3 h5 37. Ne3 g6 38. Rc7 Rd7 39. Rc4 Bb5 40. Rb4 Bd3 41. Rb6 Kf7 42. a4 f5 43. a5 f4 44. Nd1 e4 45. Kg1 e3 46. Nc3 Rc7 47. Rb3 Rc5 48. g3 f3 49. Nd1 e2 50. Nf2 e1=Q+ 51. Kh2 Qxf2+ 0-1

[Event "December 12 Early 2023"]
[Site "https://www.chess.com"]
[Date "2023.12.12"]
[Round "6"]
[White "Daroczi, Donat"]
[Black "Manukian, Artak"]
[Result "0-1"]
[Board "90"]
[TimeControl "180+1"]
[WhiteFideId "788376"]
[BlackFideId "13301373"]
[WhiteElo "2292"]
[BlackElo "2598"]
[WhiteTeam "HUN"]
[BlackTeam "ARM"]
[WhiteClock "0:01:02"]
[BlackClock "0:02:11"]

1. d4 d5 2. c4 dxc4 3. Nf3 Nf6 4. e3 e6 5. Bxc4 c5 6. O-O a6 7. a4 Nc6 8. b3 cxd4 9. exd4 Be7 10. Bb2 O-O 11. Nbd2 Nb4 12. Qe2 b6 13. Rfd1 Bb7 14. Nf1 Nbd5 15. Ne5 Nf4 16. Qd2 Nxg2 17. f3 Nh4 18. Qf2 Nh5 19. Ng3 Nf4 20. Bf1 f6 0-1

[Event "December 12 Early 2023"]
[Site "https://www.chess.com"]
[Date "2023.12.12"]
[Round "6"]
[White "Assylov, Miras"]
[Black "Martinez Ramirez, Lennis"]
[Result "1-0"]
[Board "91"]
[TimeControl "180+1"]
[WhiteFideId "13728873"]
[BlackFideId "3509079"]
[WhiteElo "2593"]
[BlackElo "2675"]
[WhiteTeam "KAZ"]
[BlackTeam "CUB"]
[WhiteClock "0:00:03"]
[BlackClock "0:00:00"]

1. b3 d5 2. Bb2 Nc6 3. Nf3 Bg4 4. e3 e5 5. h3 Bxf3 6. Qxf3 a6 7. d3 Nf6 8. Nd2 Bb4 9. Qd1 d4 10. e4 h5 11. Be2 h4 12. O-O g5 13. Bc1 Rg8 14. Bg4 Nh7 15. Nf3 Nf8 16. Bf5 Qf6 17. Nh2 Ne7 18. Ng4 Qg7 19. Qf3 Bd6 20. Bd2 f6 21. c3 dxc3 22. Bxc3 Nxf5 23. Qxf5 Nd7 24. Qe6+ Kd8 25. d4 Qg6 26. dxe5 fxe5 27. Qd5 Kc8 28. Rfd1 Re8 29. Rac1 Nb6 30. Qd3 Kb8 31. Ba5 Nc8 32. Ne3 c6 33. Nc4 Re6 34. Qe3 Be7 35. Bb6 1-0

[Event "December 12 Early 2023"]
[Site "https://www.chess.com"]
[Date "2023.12.12"]
[Round "6"]
[White "Schnaider, Ilan"]
[Black "Deveci, Huseyin Said"]
[Result "1-0"]
[Board "92"]
[TimeControl "180+1"]
[WhiteFideId "169013"]
[BlackFideId "26322455"]
[WhiteElo "2666"]
[BlackElo "2272"]
[WhiteTeam "ARG"]
[BlackTeam "TUR"]
[WhiteClock "0:02:36"]
[BlackClock "0:01:57"]

1. e4 c5 2. Nf3 e6 3. d4 cxd4 4. Nxd4 a6 5. c4 Qc7 6. Nc3 Nf6 7. Qd3 Bb4 8. a3 Bxc3+ 9. Qxc3 Nxe4 10. Nb5 axb5 11. Qxg7 Rf8 12. Bh6 Qc5 13. f3 Nd6 14. Qxf8# 1-0

[Event "December 12 Early 2023"]
[Site "https://www.chess.com"]
[Date "2023.12.12"]
[Round "6"]
[White "BestStelker"]
[Black "Silva Lucena, Cristian"]
[Result "1-0"]
[Board "93"]
[TimeControl "180+1"]
[BlackFideId "2232588"]
[WhiteElo "2657"]
[BlackElo "2526"]
[BlackTeam "ESP"]
[WhiteClock "0:00:16"]
[BlackClock "0:00:29"]

1. Nf3 d5 2. c4 d4 3. e3 Nc6 4. b4 dxe3 5. fxe3 Nxb4 6. d4 e5 7. a3 e4 8. Ne5 Nc6 9. Nxc6 bxc6 10. Nc3 Nf6 11. Be2 Be7 12. O-O O-O 13. c5 Be6 14. Qa4 Bd5 15. Rb1 Qd7 16. Bd2 h5 17. Rb7 Rfb8 18. Rfb1 Rxb7 19. Rxb7 Ng4 20. h3 Nh6 21. Nxd5 Qxd5 22. Rxc7 Bh4 23. Qxc6 Qf5 24. Qxa8+ Kh7 25. Bf3 exf3 26. Qxf3 Qb1+ 27. Qf1 Qc2 28. Be1 Bg5 29. Bf2 Qe4 30. Rxa7 Nf5 31. Rxf7 Nxe3 32. Bxe3 Bxe3+ 33. Kh1 Bxd4 34. Qf5+ Qxf5 35. Rxf5 Kg6 36. Rd5 Bb2 37. c6 1-0

[Event "December 12 Early 2023"]
[Site "https://www.chess.com"]
[Date "2023.12.12"]
[Round "6"]
[White "Baziuk, Vladyslav"]
[Black "Ambartsumova, Karina"]
[Result "1-0"]
[Board "94"]
[TimeControl "180+1"]
[WhiteFideId "34107940"]
[BlackFideId "4166299"]
[WhiteElo "2524"]
[BlackElo "2642"]
[WhiteTeam "UKR"]
[BlackTeam "RUS"]
[WhiteClock "0:00:03"]
[BlackClock "0:00:00"]

1. e4 e5 2. Nf3 Nc6 3. Bc4 Nf6 4. d4 exd4 5. e5 d5 6. Bb5 Ne4 7. Nxd4 Bd7 8. Bxc6 bxc6 9. O-O Bc5 10. f3 Ng5 11. Be3 O-O 12. f4 Ne4 13. Nd2 f6 14. Nxe4 dxe4 15. Qd2 Qe7 16. exf6 Qxf6 17. b4 Bd6 18. c4 Rad8 19. c5 Be7 20. Qc2 Bf5 21. Rad1 Kh8 22. Qa4 Bg4 23. Rd2 Bd7 24. Qxa7 Rc8 25. Qa4 Ra8 26. Qc2 Bf5 27. a4 Rfb8 28. b5 cxb5 29. axb5 Re8 30. Rb1 Bg6 31. Rdd1 Qf7 32. b6 cxb6 33. cxb6 Ra2 34. Rb2 Rxb2 35. Qxb2 Bc5 36. b7 Rb8 37. Nc6 Bxe3+ 38. Kh1 Bxf4 39. Nxb8 h5 40. Nc6 Qf5 41. Ne7 Qg4 42. Rf1 1-0

[Event "December 12 Early 2023"]
[Site "https://www.chess.com"]
[Date "2023.12.12"]
[Round "6"]
[White "Play, Gilles"]
[Black "Tanriverdi, Enes"]
[Result "1-0"]
[Board "95"]
[TimeControl "180+1"]
[WhiteFideId "45130892"]
[BlackFideId "34543279"]
[WhiteElo "2513"]
[BlackElo "2625"]
[WhiteTeam "FRA"]
[BlackTeam "TUR"]
[WhiteClock "0:00:23"]
[BlackClock "0:00:12"]

1. e4 c5 2. c3 g6 3. d4 Bg7 4. Nf3 cxd4 5. cxd4 d6 6. Nc3 Nf6 7. h3 O-O 8. Be3 Nc6 9. Qd2 Bd7 10. Bh6 Bxh6 11. Qxh6 Qb6 12. e5 Qxb2 13. Rc1 Nh5 14. Bd3 Nb4 15. O-O f6 16. Bc4+ e6 17. d5 Rfc8 18. Ne4 exd5 19. Rb1 Qxb1 20. Nxf6+ Nxf6 21. exf6 Qxf1+ 22. Bxf1 Kf7 23. Qg7+ Ke6 24. Qe7+ Kf5 25. g4+ Kf4 26. Qe3# 1-0